 Dungeon Crawl Stone Soup version 0.16.1-2-g95b8d4c (webtiles) character file.

555 karlm the Firebug (level 7, -6/57 HPs)
             Began as a Naga Wizard on Mar 25, 2015.
             Mangled by a scorpion (7 damage)
             ... on level 4 of the Dungeon.
             The game lasted 00:29:19 (8553 turns).

karlm the Firebug (Naga Wizard)                     Turns: 8553, Time: 00:29:19

Health: -6/57      AC:  3    Str: 10    XL:     7   Next: 30%
Magic:  11/24      EV: 10    Int: 20    God:
Gold:   268        SH:  0    Dex:  9    Spells: 5 memorised, 2 levels left

rFire  . . .     SeeInvis +     K - +1 flail (crush)
rCold  . . .     Clarity  .     a - +0 robe
rNeg   . . .     SustAb   .     (no shield)
rPois  +         Gourm    .     b - +0 hat
rElec  .         Spirit   .     (no cloak)
rCorr  .         Warding  .     (no gloves)
rMut   .         Stasis   .     (no barding)
MR     .....                    (no amulet)
Stlth  ++........               (no ring)
                                z - ring of magical power

@: very slightly contaminated, very slow, not resistant to hostile enchantments,
unstealthy
A: spit poison, see invisible, deformed body, poison resistance, slowness 2, AC
+2
a: Spit Poison


You were on level 4 of the Dungeon.
You were near starving.

You visited 1 branch of the dungeon, and saw 5 of its levels.

You collected 268 gold pieces.

Inventory:

Hand weapons
 A - a +0 hunting sling
 D - a +0 blowgun
 J - a +2 hand axe of chopping
 K - a +1 flail of crushing (weapon)
Missiles
 g - 6 javelins
 n - 136 stones (quivered)
 o - 21 poisoned needles
 u - 9 sling bullets of flame
 w - 52 sling bullets
 I - 5 tomahawks
Armour
 a - a +0 robe (worn)
 b - a +0 hat (worn)
Jewellery
 z - a ring of magical power (left hand)
Magical devices
 r - a wand of polymorph (15)
Scrolls
 e - a scroll of enchant weapon {unknown}
 f - a scroll of identify
 l - a scroll of random uselessness {unknown}
 m - 2 scrolls of remove curse
 y - a scroll of enchant armour {unknown}
 F - a scroll of fear {unknown}
 H - 2 scrolls of teleportation {unknown}
 L - a scroll of amnesia {unknown}
Potions
 h - a potion of beneficial mutation {unknown}
 j - a potion of haste
 q - a potion of lignification
 t - a potion of flight
 v - 2 potions of poison
 x - a potion of cure mutation {unknown}
 C - 2 potions of heal wounds
 E - a potion of magic {unknown}
 G - a potion of brilliance {unknown}
Books
 c - a book of Minor Magic

   Spells                             Type                      Level
   a - Magic Dart                     Conjuration                  1
   b - Blink                          Translocation                2
   c - Call Imp                       Summoning                    2
   d - Repel Missiles                 Charms/Air                   2
   e - Slow                           Hexes                        2
   f - Conjure Flame                  Conjuration/Fire             3
   g - Mephitic Cloud                 Conjuration/Poison/Air       3
Comestibles
 d - 3 bread rations
 i - a beef jerky
 p - 3 meat rations


   Skills:
 + Level 1.1 Fighting
 - Level 3.0 Dodging
 - Level 3.0 Stealth
 + Level 3.4 Spellcasting
 * Level 2.4 Conjurations
 - Level 1.0 Summonings
 + Level 1.5 Translocations
 * Level 5.5 Fire Magic


You had 2 spell levels left.
You knew the following spells:

 Your Spells              Type           Power        Failure   Level  Hunger
a - Magic Dart            Conj           ##..         6%          1    None
b - Call Imp              Summ           #.......     17%         2    ##.....
c - Blink                 Tloc           N/A          14%         2    ##.....
d - Conjure Flame         Conj/Fire      ###.....     10%         3    ###....
e - Repel Missiles        Chrm/Air       #.....       24%         2    ##.....


Dungeon Overview and Level Annotations

Branches:
Dungeon (5/15)
 Temple: D:4-7

Altars:
Elyvilon
Fedhas
Gozag
Qazlal
Sif Muna
Xom
The Shining One

Annotations:
D:1 items


Innate Abilities, Weirdness & Mutations

You cannot wear boots.
You can spit poison.
Your serpentine skin is tough (AC +2).
You have supernaturally acute eyesight.
Armour fits poorly on your strangely shaped body.
Your system is resistant to poisons.
You cover ground very slowly.


Message History

Casting: Magic Dart
Confirm with . or Enter, or press ? or * to list all spells.
Aiming: Magic Dart
Press: ? - help, Shift-Dir - straight line, f/p - scorpion
Aim: a scorpion (severely wounded)
The magic dart hits the scorpion.
The scorpion is severely wounded.
Your crimson imp blinks!
Your iron imp hits the scorpion but does no damage.
The scorpion stings you!
* * * LOW HITPOINT WARNING * * *
Casting: Magic Dart
Confirm with . or Enter, or press ? or * to list all spells.
Aiming: Magic Dart
Press: ? - help, Shift-Dir - straight line, f/p - scorpion
Aim: a scorpion (severely wounded)
The magic dart hits the scorpion.
The scorpion is severely wounded.
The scorpion stings you!
You die...

###### ### ##.##.#
#.## #..#.##
##.##### ###.##
#.#.#@# # #.##
##.5s[## #..##
##.5.#.##
#...######..ยง.##.#
#.....##).###.####
# #...##..### #.#
###..####.# ##5#
.##..# #.# ##..#
....## #.###...#


You could see a scorpion, a friendly iron imp and 2 friendly crimson imps.

Vanquished Creatures
  An ice beast (D:4)
  An ogre (D:4)
  An orc wizard (D:4)
  2 worker ants (D:4)
  2 gnolls (D:5)
  An adder (D:3)
  3 worms
  3 giant geckos
  3 orcs
  A ball python (D:4)
  4 giant cockroaches
  2 goblins (D:3)
  3 hobgoblins
  3 quokkas
  9 bats
  3 giant newts
  4 kobolds
  8 rats
54 creatures vanquished.

Vanquished Creatures (collateral kills)
  2 scorpions (D:4)
  A crimson imp (D:5)
  A jelly (D:5)
  2 orc priests (D:4)
  An orc wizard (D:5)
  A giant frog skeleton (D:4)
  5 gnolls
  6 adders
  A giant mite (D:4)
  A worm (D:2)
  An adder skeleton (D:4)
  An adder zombie (D:5)
  4 giant geckos
  2 oozes
  12 orcs
  A ball python (D:4)
  A bat (D:1)
  A bat skeleton (D:5)
  4 giant cockroaches
  11 hobgoblins
  2 jackals (D:3)
  A quokka (D:4)
  3 giant newts
  8 goblins
  4 kobolds
  A rat (D:2)
78 creatures vanquished.

Vanquished Creatures (others)
  4 crimson imps
  7 white imps
  3 shadow imps (D:4)
  An orc (D:4)
15 creatures vanquished.

Grand Total: 147 creatures vanquished

Notes
Turn   | Place    | Note
--------------------------------------------------------------
     0 | D:1      | karlm, the Naga Wizard, began the quest for the Orb.
     0 | D:1      | Reached XP level 1. HP: 15/15 MP: 4/4
   380 | D:1      | Reached XP level 2. HP: 22/22 MP: 3/6
   388 | D:1      | Learned a level 2 spell: Call Imp
  1647 | D:1      | Reached XP level 3. HP: 28/28 MP: 2/8
  1843 | D:2      | Found an opulent altar of Gozag.
  2391 | D:2      | Found a shimmering altar of Xom.
  3343 | D:3      | Learned a level 2 spell: Blink
  3347 | D:3      | Learned a level 3 spell: Conjure Flame
  3379 | D:3      | Found a white marble altar of Elyvilon.
  3384 | D:3      | Reached XP level 4. HP: 36/36 MP: 4/9
  3583 | D:3      | Found a glowing golden altar of the Shining One.
  3617 | D:3      | Found a stormy altar of Qazlal.
  3675 | D:3      | Found a blossoming altar of Fedhas.
  3812 | D:3      | Reached skill level 1 in Fire Magic
  4355 | D:3      | Found a deep blue altar of Sif Muna.
  4793 | D:3      | Reached XP level 5. HP: 32/42 MP: 5/11
  5084 | D:4      | Reached skill level 4 in Fire Magic
  5518 | D:4      | Reached XP level 6. HP: 26/49 MP: 13/13
  6978 | D:4      | Reached skill level 5 in Fire Magic
  7134 | D:5      | Entered Level 5 of the Dungeon
  7206 | D:4      | Learned a level 2 spell: Repel Missiles
  7680 | D:4      | Reached skill level 1 in Fighting
  7680 | D:4      | Reached XP level 7. HP: 15/57 MP: 7/15
  8552 | D:4      | HP: 1/57 [scorpion (9)]
  8553 | D:4      | Mangled by a scorpion

Action                   |  1- 3 |  4- 6 |  7- 9 || total
-------------------------+-------+-------+-------++-------
Melee: Unarmed           |    12 |       |       ||    12
 Cast: Magic Dart        |    56 |    66 |    33 ||   155
       Call Imp          |    57 |   121 |    20 ||   198
       Conjure Flame     |       |     4 |     2 ||     6
       Blink             |       |     1 |       ||     1
 Abil: Spit Poison       |    19 |    13 |     4 ||    36
  Use: Potion            |       |     3 |       ||     3
       Scroll            |       |     6 |       ||     6
  Eat: Chunk             |    11 |    19 |     2 ||    32
       Pizza             |       |     1 |       ||     1
